 Dungeon Crawl Stone Soup version 0.30-a0-347-gf58ed5266c (webtiles) character file.

Game seed: 18251532151923875545

863 bande the Chopper (level 8, 0/48 HPs)
             Began as a Gargoyle Fighter on Nov 7, 2022.
             Slain by Duvessa
             ... wielding a +0 short sword
              (5 damage)
             ... on level 4 of the Dungeon.
             The game lasted 00:07:03 (4556 turns).

bande the Chopper (Gargoyle Fighter)                Turns: 4556, Time: 00:07:03

Health: 0/48       AC: 16    Str: 20    XL:     8   Next: 2%
Magic:  8/8        EV:  9    Int:  9    God:
Gold:   421        SH:  4    Dex: 11    Spells: 7/7 levels left

rFire   . . .      SeeInvis .    a - +1 war axe
rCold   . . .      Faith    .    c - +0 buckler
rNeg    + . .      Spirit   .    b - +0 scale mail
rPois   ∞          Reflect  .    q - +1 helmet
rElec   +          Harm     .    (no cloak)
rCorr   .          Rampage  .    (no gloves)
Will    .....                    e - +0 pair of boots
Stlth   ..........               (no amulet)
HPRegen 0.28/turn                (no ring)
MPRegen 0.11/turn                (no ring)

@: no status effects
A: sickness immunity, AC +5, negative energy resistance 1, electricity
resistance, torment resistance 1, petrification resistance
a: no special abilities


You were on level 4 of the Dungeon.
You visited 1 branch of the dungeon, and saw 5 of its levels.
You also visited: Ossuary.

You collected 421 gold pieces.

Inventory:

Hand Weapons
 a - a +1 war axe (weapon)
Armour
 b - a +0 scale mail (worn)
 c - a +0 buckler (worn)
 e - a +0 pair of boots (worn)
 q - a +1 helmet (worn)
Jewellery
 r - a ring of flight
Scrolls
 f - 2 scrolls of enchant armour
 g - 2 scrolls of poison
 h - 3 scrolls of teleportation
 k - a scroll of enchant weapon
 l - 2 scrolls of butterflies
 u - a scroll of amnesia {unknown}
 w - a scroll of identify
Potions
 d - a potion of might
 i - 2 potions of cancellation
 j - a potion of resistance {unknown}
 m - 4 potions of curing
 n - a potion of brilliance {unknown}
 o - 3 potions of heal wounds
 p - a potion of attraction {unknown}
 s - a potion of berserk rage {unknown}
 t - a potion of mutation {unknown}
 v - a potion of flight {unknown}


   Skills:
 + Level 4.8 Fighting
 + Level 6.3 Axes
 + Level 5.5 Armour
 - Level 0.1 Dodging
 - Level 0.4 Stealth
 + Level 4.1 Shields


You had 7 spell levels left.
You didn't know any spells.
Your spell library contained the following spells:

 Spells                   Type           Power      Damage    Failure   Level
 Dazzling Flash           Conj/Hex       0%         N/A       99%         3
 Portal Projectile        Hex/Tloc       0%         N/A       99%         3
 Tukima's Dance           Hex            0%         N/A       99%         3
 Iskenderun's Mystic Bla  Conj/Tloc      0%         2d3       100%        4
 Manifold Assault         Tloc           0%         N/A       100%        4
 Blade Hands              Tmut           0%         N/A       100%        5
 Dispersal                Tloc           0%         N/A       100%        6
 Starburst                Conj/Fire      0%         6d3       100%        6
 Disjunction              Tloc           0%         N/A       100%        8


Dungeon Overview and Level Annotations

Branches:
Dungeon (5/15)            Ossuary (visited)
 Temple: D:4-7

Altars:
Cheibriados
Elyvilon
Fedhas
Hepliaklqana
Ru
Wu Jian
Zin

Shops:
D:1 [   D:2 *

Annotations:
D:4 Duvessa


Innate Abilities, Weirdness & Mutations

You are immune to sickness and miasma.
Your stone body is resilient. (AC +5)
You are immune to poison.
You resist negative energy. (rN+)
You are resistant to electric shocks. (rElec)
You are resistant to unholy torment.
You are immune to petrification.


Message History

Dowan hits you but does no damage.
Unknown command.
You barely miss Duvessa.
Duvessa is almost dead.
You barely miss Dowan. Duvessa closely misses you. Dowan casts a spell at you.
The puff of frost hits you.
Unknown command.
You hit Duvessa.
Duvessa is almost dead.
You hit Dowan. Duvessa closely misses you.
Dowan points at you and mumbles some strange words.
The puff of flame misses you.
Unknown command.
You closely miss Duvessa.
Duvessa is almost dead.
You hit Dowan.
You kill Dowan!
Duvessa screams in rage.
Duvessa goes berserk!
Duvessa closely misses you. Duvessa hits you with a +0 short sword!
* * * LOW HITPOINT WARNING * * *
You have reached level 8!
You feel stronger.
You feel much better. Duvessa hits you with a +0 short sword.
Duvessa hits you but does no damage.
You hit Duvessa but do no damage.
Duvessa is almost dead.
Duvessa hits you but does no damage.
You closely miss Duvessa.
Duvessa is almost dead.
Duvessa hits you with a +0 short sword! x2
* * * LOW HITPOINT WARNING * * *
You hit Duvessa.
Duvessa is almost dead.
You block Duvessa's attack. x2
You closely miss Duvessa.
Duvessa is almost dead.
Duvessa misses you. Duvessa hits you with a +0 short sword.
You die...

.....##...'....#†###...##.......#
..##......#.....#......#.........
#.####..###...........##.........
#.#.....# ##.........##..........
........#####......###...........
........<...########.............
...............###...............
.................)....##.#.......
........##....##@.....####.....##
........#..#....e..............##
...........##.............##.....
....>......###..<###############.
..........##.#...#.####........##
....................##..........#
.............#.....##............
.............#....##.............
.................##..............


You could see Duvessa (berserk).

Vanquished Creatures
  The ghost of sleeves the Gusty, a novice OpAE (D:3)
  Eustachio (D:4)
  A bullfrog (D:4)
  Dowan (D:4)
  A jelly (D:4)
  A gnoll bouda (D:4)
  Jessica (D:2)
  8 mummies (Ossuary)
  Robin (D:2)
  3 gnolls (D:4)
  4 adders
  2 worms
  4 dart slugs
  7 ball pythons
  5 endoplasms
  6 giant cockroaches
  12 hobgoblins
  5 jackals
  7 kobolds
  2 quokkas
  6 bats
  5 frilled lizards
  2 gnoll zombies (Ossuary)
  13 goblins
  2 hobgoblin zombies (Ossuary)
  3 kobold zombies (Ossuary)
  An orc zombie (Ossuary)
  A rat (D:2)
106 creatures vanquished.

Notes
Turn   | Place    | Note
-------+----------+-------------------------------------------
     0 | D:1      | bande the Gargoyle Fighter began the quest for the Orb.
     0 | D:1      | Reached XP level 1. HP: 14/14 MP: 1/1
   176 | D:1      | Reached skill level 2 in Axes
   196 | D:1      | Found a faded altar of an unknown god.
   205 | D:1      | Reached XP level 2. HP: 19/19 MP: 2/2
   335 | D:1      | Found Etza's Antique Armour Shop.
   409 | D:1      | Reached XP level 3. HP: 18/23 MP: 3/3
   968 | D:2      | Noticed Jessica
   976 | D:2      | Killed Jessica
   977 | D:2      | Reached XP level 4. HP: 9/28 MP: 4/4
  1056 | D:2      | Found an ornate altar of the Wu Jian Council.
  1248 | D:2      | Reached skill level 3 in Axes
  1264 | D:2      | Noticed Robin
  1289 | D:2      | Killed Robin
  1290 | D:2      | Reached XP level 5. HP: 9/33 MP: 5/5
  1939 | D:2      | Found Meikkuja's Assorted Antiques.
  2430 | D:3      | Found an ornate altar of the Wu Jian Council.
  2432 | D:3      | Found a hazy altar of Hepliaklqana.
  2432 | D:3      | Found a snail-covered altar of Cheibriados.
  2433 | D:3      | Found a blossoming altar of Fedhas.
  2433 | D:3      | Found a glowing silver altar of Zin.
  2445 | D:3      | Found a runed translucent gate.
  2448 | D:3      | Noticed sleeves's ghost (novice OpAE)
  2450 | D:3      | Found a runed translucent gate.
  2450 | D:3      | Found a runed translucent gate.
  2578 | D:3      | Found a white marble altar of Elyvilon.
  2579 | D:3      | Found a sacrificial altar of Ru.
  2972 | D:3      | Killed sleeves's ghost
  2973 | D:3      | Reached skill level 4 in Axes
  2973 | D:3      | Reached XP level 6. HP: 28/38 MP: 6/6
  3118 | D:4      | Found a sand-covered staircase.
  3136 | Ossuary  | Entered an ossuary
  3220 | Ossuary  | Reached skill level 5 in Armour
  3220 | Ossuary  | Reached XP level 7. HP: 39/44 MP: 7/7
  3253 | Ossuary  | Reached skill level 5 in Axes
  3641 | D:4      | HP: 1/44 [gnoll/+0 halberd[a gnoll bouda] (4)]
  4221 | D:4      | Noticed Eustachio
  4254 | D:4      | Killed Eustachio
  4255 | D:4      | Reached skill level 6 in Axes
  4523 | D:5      | Entered Level 5 of the Dungeon
  4527 | D:5      | Noticed Duvessa
  4528 | D:5      | Noticed Dowan
  4551 | D:4      | Killed Dowan
  4552 | D:4      | Reached XP level 8. HP: 7/48 MP: 8/8
  4556 | D:4      | Slain by Duvessa

Illustrated notes

Levels and vault maps discovered:
D:1:      lightli_arrival_flooded_house, layout_basic,
          shapermc_ecumenical_altar_notcrosses, serial_shops,
          nicolae_square_shop
D:2:      layout_basic, serial_shops, shop, basic_altar, uniq_jessica,
          uniq_robin
D:3:      layout_loops_ring, grunt_temple_overflow_open,
          nicolae_overflow_squiral, ebering_ghost_rock_garden
D:4:      layout_cave_pools, enter_ossuary_1, kennysheep_big_empty_room,
          kennysheep_potato, uniq_eustachio
D:5:      layout_basic, minmay_temple_entry_drinking_statues, uniq_duvessa

Skill      XL: |  1  2  3  4  5  6  7 |
---------------+----------------------+-----
Axes           | 2 3 4 6 |  6.3
Armour         | 4 5 |  5.5
Fighting       | 4 |  4.8
Shields        | 4 |  4.1
Dodging        | |  0.1
Stealth        | |  0.4

Action                   |  1- 3 |  4- 6 |  7- 9 || total
-------------------------+-------+-------+-------++-------
Melee: War axe           |   100 |   138 |   125 ||   363
  Use: Scroll            |       |     9 |     4 ||    13
       Potion            |       |       |     3 ||     3
Armor: Scale mail        |    85 |    79 |    86 ||   250
Dodge: Dodged            |    71 |    64 |    79 ||   214
Block: Buckler           |    25 |    23 |    36 ||    84

Table legend: (Time is in decaauts)
 A = Elapsed time spent in this place.
 B = Non-inter-level travel time spent in this place.
 C = Inter-level travel time spent in this place.
 D = Time resting spent in this place.
 E = Time spent auto-exploring this place.
 F = Levels seen in this place.
 G = Mean time per level.
                   A        B        C        D        E       F      G
               +--------+--------+--------+--------+--------+-----+--------+
         Total |   4682 |   4682 |      0 |   1098 |   2558 |   6 |  780.3 |
       Dungeon |   4186 |   4186 |      0 |    928 |   2397 |   5 |  837.2 |
       Ossuary |    495 |    495 |      0 |    170 |    161 |   1 |  495.0 |
               +--------+--------+--------+--------+--------+-----+--------+

Top non-repeatable levels by time:
     D:2: 1480 daAuts
     D:1: 993 daAuts
     D:4: 971 daAuts
     D:3: 725 daAuts
 Ossuary: 495 daAuts
     D:5: 14 daAuts
